 Dungeon Crawl Stone Soup version 0.29.1-2-gbd0b4ee654 (webtiles) character file.

Game seed: 6303990138613745825

177 GorkyZ the Trooper (level 5, -1/42 HPs)
             Began as a Demonspawn Fighter on Nov 19, 2022.
             Killed from afar by an orc wizard (5 damage)
             ... with a magic dart
             ... on level 3 of the Dungeon.
             The game lasted 00:06:29 (2631 turns).

GorkyZ the Trooper (Demonspawn Fighter)             Turns: 2631, Time: 00:06:30

Health: -1/42      AC:  8    Str: 17 (19) XL:     5   Next: 30%
Magic:  5/5        EV:  9    Int:  8 (9)  God:
Gold:   63         SH:  4    Dex: 11 (12) Spells: 4/4 levels left

rFire   . . .      SeeInvis +   a - +0 flail
rCold   . . .      Faith    .   c - +0 buckler
rNeg    . . .      Spirit   .   b - +0 scale mail
rPois   .          Reflect  .   k - +0 helmet
rElec   .          Harm     .   (no cloak)
rCorr   .          Rampage  .   (no gloves)
Will    .....                   (no boots)
Stlth   ..........              (no amulet)
HPRegen 0.14/turn               h - ring of see invisible
MPRegen 0.09/turn               (no ring)

@: no status effects
A: powered by pain 1, weakness stinger 1
a: no special abilities


You were on level 3 of the Dungeon.
You visited 1 branch of the dungeon, and saw 3 of its levels.

You collected 63 gold pieces.

Inventory:

Hand Weapons
 a - a +0 flail (weapon)
 m - a +0 dagger
Missiles
 f - 5 atropa-tipped darts (quivered)
 n - 5 boomerangs
Armour
 b - a +0 scale mail (worn)
 c - a +0 buckler (worn)
 k - a +0 helmet (worn)
Jewellery
 h - a ring of see invisible (left hand)
Scrolls
 p - 2 scrolls of identify {unknown}
Potions
 d - a potion of might
 e - 2 potions of heal wounds
 i - 2 potions of curing


   Skills:
 + Level 3.8 Fighting
 + Level 2.6 Maces & Flails
 + Level 1.8 Throwing
 + Level 3.4 Armour
 + Level 3.4 Shields


You had 4 spell levels left.
You didn't know any spells.
Your spell library contained the following spells:

 Spells                   Type           Power      Damage    Failure   Level
 Slow                     Hex            0%         N/A       88%         1
 Confusing Touch          Hex            0%         N/A       99%         3
 Vampiric Draining        Necr           0%         2d6       99%         3


Dungeon Overview and Level Annotations

Branches:
Dungeon (3/15)

Altars:


Innate Abilities, Weirdness & Mutations

You sometimes gain a little power by taking damage.
You have a small tail.


Message History

You closely miss the orc wizard.
Your tail-slap misses the orc wizard.
The orc wizard is heavily wounded.
The orc hits you but does no damage.
The orc wizard hits you with a +0 dagger.
The orc hits you but does no damage.
You closely miss the orc wizard. You tail-slap the orc wizard.
The orc wizard is almost dead.
The orc closely misses you.
The orc wizard gestures at you while chanting.
The magic dart hits you. The orc closely misses you.
You bump into the rock wall.
You feel less confused. The orc hits you but does no damage. x2
The orc wizard points at you and mumbles some strange words.
The magic dart hits you.
You feel less attractive to monsters.
You barely miss the orc wizard.
The orc wizard is almost dead.
The orc closely misses you.
The orc wizard hits you with a +0 dagger.
The orc hits you with a +0 dagger.
* * * LOW HITPOINT WARNING * * *
The orc wizard closely misses you. The orc hits you but does no damage. x2
You barely miss the orc wizard.
The orc wizard is almost dead.
The orc hits you with a +0 hand axe.
* * * LOW HITPOINT WARNING * * *
You block the orc's attack.
The orc wizard hits you but does no damage.
You closely miss the orc wizard.
The orc wizard is almost dead.
The orc closely misses you.
The orc wizard hits you but does no damage.
You block the orc's attack.
Unknown command.
You closely miss the orc wizard.
Your tail-slap misses the orc wizard.
The orc wizard is almost dead.
You block the orc's attack.
The orc wizard points at you and mumbles some strange words.
The magic dart hits you.
You die...

. #)P♣~ .##~PPP
..#PPP♣ ≈
#######.P.P~♣≈♣~
#...P~...~♣≈≈~PP
#..~.~~~♣≈≈♣~~~P
#..P~~♣P~PPPPP#
#..P~.†~~PPP#
#.o@####<#<##
#.oo# #.# #..oo
..# #.#.######
..... .#.#.# #.#
... # #.#


You could see an orc wizard and 4 orcs.

Vanquished Creatures
  Natasha (thrice) (D:2)
  Robin (D:2)
  4 adders (D:2)
  2 dart slugs (D:1)
  4 ball pythons
  5 bats
  5 endoplasms
  2 giant cockroaches
  4 hobgoblins
  A quokka (D:2)
  6 frilled lizards
  12 goblins
  3 kobolds
  3 rats (D:1)
55 creatures vanquished.

Notes
Turn   | Place    | Note
-------+----------+-------------------------------------------
     0 | D:1      | GorkyZ the Demonspawn Fighter began the quest for the Orb.
     0 | D:1      | Reached XP level 1. HP: 18/18 MP: 1/1
   372 | D:1      | Gained mutation: You sometimes gain a little power by
                  | taking damage. [demonic ancestry]
   372 | D:1      | Reached XP level 2. HP: 22/24 MP: 2/2
   883 | D:1      | Found a faded altar of an unknown god.
  1124 | D:2      | Reached XP level 3. HP: 28/29 MP: 3/3
  1226 | D:2      | Reached skill level 1 in Throwing
  1591 | D:2      | Noticed Natasha
  1600 | D:2      | Killed Natasha
  1601 | D:2      | Reached XP level 4. HP: 9/35 MP: 4/4
  1920 | D:2      | Noticed Natasha
  1939 | D:2      | Killed Natasha
  2260 | D:2      | Noticed Natasha
  2267 | D:2      | Killed Natasha
  2268 | D:2      | Discovered your monstrous ancestry.
  2268 | D:2      | Gained mutation: You have a small tail. [demonic ancestry]
  2268 | D:2      | Reached XP level 5. HP: 25/42 MP: 5/5
  2365 | D:2      | Noticed Robin
  2375 | D:2      | Killed Robin
  2631 | D:3      | Killed from afar by an orc wizard

Illustrated notes

Levels and vault maps discovered:
D:1:      psy_arrival_dodecagon, layout_basic, chequers_ecumenical_altar_simple
D:2:      layout_basic, uniq_robin, uniq_natasha
D:3:      layout_basic, serial_shops, nicolae_shop_advertising_works
          [nicolae_subvault_shop_adworks], serial_bayou_lagoon_a, uniq_terence

Skill      XL: |  1  2  3 |
---------------+----------+-----
Maces & Flails | 2 |  2.6
Armour         | 3 |  3.4
Shields        | 3 |  3.4
Throwing       | 1 |  1.8
Fighting       | |  3.8

Action                   |  1- 3 |  4- 6 || total
-------------------------+-------+-------++-------
Melee: Flail             |   139 |    57 ||   196
       Tailslap          |       |     3 ||     3
  Use: Scroll            |     1 |     2 ||     3
       Potion            |       |     4 ||     4
Armor: Scale mail        |    68 |    32 ||   100
Dodge: Dodged            |    76 |    34 ||   110
Block: Buckler           |    24 |    11 ||    35
